Map: Disco Bloodbath LE

Players

Nolimit

  • Race: Zerg Zerg
  • Spawn Location: 9:00

avilo - Winner!

  • Race: Terran Terran
  • League: Grandmaster
  • Spawn Location: 3:00

Event: NationWars 2019

VOD

Have the link to the VOD?

Description

Time

  • Played on: Oct. 1, 2019, 12:29 p.m.
  • Length: 26:19
Show
View Real Time Build Order
Export as new Build Order

Nolimit Zerg 

Build Orders: Hatch First 

Get SALT Encoding   

  12  0:10  Drone  
  12  0:12  Drone  
  14  0:16  Extractor  
  14  0:17  Drone  
  15  0:22  Overlord  
  15  0:41  Drone  
  16  0:45  Drone  
  17  0:53  Hatchery  
  16  1:03  Drone  
  17  1:05  Drone  
  18  1:19  Extractor  
  18  1:21  Spawning Pool  
  18  1:22  Drone  
  17  1:26  Drone  
  18  1:37  Drone  
  19  1:51  Drone  
  20  2:03  Overlord  
  20  2:08  Queen x2  
  20  2:09  Zergling x4  
  26  2:19  Drone  
  26  2:20  Drone  
  28  2:28  Hatchery  
  27  2:30  Metabolic Boost  
  27  2:42  Drone x2  
  27  2:43  Drone x2  
  31  2:50  Overlord  
  31  2:56  Overlord  
  31  3:02  Queen  
  33  3:07  Pneumatized Carapace  
  33  3:14  Drone x3  
  33  3:19  Drone  
  37  3:24  Drone  
  37  3:26  Drone x4  
  42  3:32  Overlord  
  42  3:34  Drone x2  
  44  3:45  Roach Warren  
  43  3:48  Drone  
  43  3:49  Drone x4  
  43  3:52  Drone  
  48  3:57  Overlord  
  48  4:00  Drone x3  
  51  4:03  Overlord  
  51  4:06  Drone  
  52  4:10  Drone x4  
  52  4:14  Overlord  
  56  4:28  Roach x4  
  64  4:34  Roach x2  
  64  4:35  Queen x2  
  72  4:40  Overlord  
  72  4:46  Overlord  
  72  4:52  Overlord  
  72  4:58  Queen  
  74  5:03  Roach x3  
  74  5:04  Roach  
  82  5:11  Queen  
  83  5:17  Drone x7  
  83  5:18  Queen  
  83  5:20  Extractor x2  
  90  5:24  Spore Crawler  
  90  5:25  Spore Crawler  
  88  5:29  Drone x3  
  91  5:36  Lair, Extractor  
  91  5:37  Extractor  
  91  5:40  Overlord  
  89  5:43  Drone x3  
  92  5:50  Roach x3  
  92  5:54  Overlord  
  92  5:55  Overlord x5  
  95  6:05  Drone x3  
  95  6:09  Evolution Chamber  
  95  6:10  Evolution Chamber  
  90  6:12  Drone  
  90  6:13  Drone x4  
  95  6:20  Drone  
  95  6:26  Drone x2  
  97  6:37  Drone  
  97  6:38  Drone x7  
  105  6:42  Zerg Ground Armor Level 1, Zerg Missile Weapons Level 1, Glial Reconstitution  
  105  6:45  Hatchery, Extractor  
  105  6:46  Overlord x2  
  103  6:52  Drone x3  
  106  6:57  Infestation Pit  
  103  7:12  Drone x3  
  103  7:13  Roach x8  
  121  7:18  Overlord  
  121  7:22  Roach  
  123  7:28  Overlord  
  123  7:36  Drone x11  
  126  7:45  Neural Parasite  
  126  7:47  Drone x3  
  124  7:53  Drone  
  124  7:55  Overlord  
  124  7:57  Roach  
  127  8:00  Hive  
  127  8:02  Drone x7  
  127  8:05  Extractor  
  133  8:07  Extractor  
  133  8:10  Queen x2  
  133  8:11  Queen  
  138  8:17  Overlord  
  138  8:18  Roach  
  138  8:19  Roach x3  
  146  8:24  Spore Crawler, Drone x3  
  146  8:25  Spore Crawler  
  147  8:38  Spire  
  147  8:41  Infestor x6  
  144  8:45  Drone x4  
  160  8:50  Zergling x10  
  165  9:08  Zergling x4  
  165  9:09  Zergling x18  
  176  9:16  Zerg Melee Weapons Level 1, Zerg Missile Weapons Level 2  
  176  9:19  Hatchery  
  175  9:26  Spore Crawler, Overlord x2  
  175  9:31  Zergling x20  
  184  9:37  Spine Crawler  
  184  9:38  Spine Crawler  
  182  9:39  Ravager x2, Spore Crawler  
  182  9:40  Ravager, Overlord x2  
  182  9:41  Spore Crawler  
  182  9:44  Adrenal Glands  
  183  9:46  Viper  
  183  9:47  Viper  
  183  9:49  Viper  
  192  9:57  Greater Spire  
  188  10:00  Queen x2  
  188  10:05  Spore Crawler x2  
  169  10:21  Drone  
  169  10:22  Drone x17  
  185  10:30  Drone x2  
  185  10:31  Drone x3  
  185  10:33  Drone x2  
  182  10:53  Corruptor x4  
  182  10:54  Corruptor  
  190  10:58  Pathogen Glands  
  190  11:00  Overseer, Burrow  
  186  11:18  Zergling x26  
  194  11:27  Zergling x10  
  158  11:48  Zergling x2  
  158  11:49  Zergling x32  
  175  12:00  Roach x8  
  183  12:02  Hatchery  
  175  12:09  Brood Lord x3  
  181  12:19  Drone x6  
  171  12:33  Corruptor x2  
  168  12:44  Brood Lord x2  
  171  12:46  Drone  
  171  12:47  Drone x3  
  171  12:50  Drone x2  
  177  13:01  Spine Crawler  
  177  13:02  Spine Crawler  
  177  13:04  Drone x2  
  174  13:08  Spine Crawler  
  174  13:09  Spine Crawler, Extractor  
  174  13:11  Extractor  
  161  13:16  Infestor x3  
  154  13:25  Drone x2  
  156  13:30  Brood Lord  
  156  13:31  Brood Lord  
  160  13:37  Zerg Missile Weapons Level 3  
  160  13:38  Drone  
  160  13:40  Drone  
  162  13:41  Drone  
  163  13:50  Drone x3  
  162  14:05  Drone x3  
  162  14:06  Drone x3  
  167  14:15  Drone  
  167  14:16  Drone x8  
  176  14:23  Drone  
  176  14:24  Drone x4  
  171  14:28  Drone x2  
  172  14:36  Infestor x2  
  176  14:41  Spore Crawler, Overseer x3  
  176  14:44  Drone  
  176  14:58  Infestor  
  176  14:59  Infestor  
  180  15:03  Zerg Flyer Weapons Level 1  
  180  15:04  Drone x3  
  183  15:14  Corruptor x2  
  183  15:17  Hatchery  
  183  15:20  Infestor x3  
  178  15:28  Ravager x14  
  192  15:32  Extractor  
  191  15:39  Spore Crawler, Spine Crawler x2  
  186  15:49  Drone x2  
  189  15:50  Drone x3  
  189  15:54  Brood Lord  
  189  15:56  Spine Crawler  
  190  15:57  Spine Crawler  
  189  16:09  Spore Crawler  
  189  16:10  Drone x6  
  194  16:11  Overseer  
  194  16:16  Overseer x2  
  194  16:21  Zerg Melee Weapons Level 2  
  194  16:26  Infestor x2  
  194  16:27  Infestor  
  198  16:48  Infestor  
  200  16:57  Zerg Flyer Armor Level 1, Spire  
  199  17:01  Spore Crawler  
  199  17:04  Spore Crawler  
  197  17:13  Viper  
  200  17:47  Overseer  
  200  17:51  Hatchery  
  200  17:55  Spore Crawler x2  
  200  17:56  Spore Crawler  
  195  18:06  Spore Crawler  
  195  18:08  Spine Crawler, Drone x2  
  195  18:09  Drone x4  
  195  18:11  Spine Crawler  
  198  18:18  Hatchery  
  197  18:23  Drone x3  
  200  18:28  Spore Crawler  
  200  18:30  Spore Crawler  
  200  18:31  Spore Crawler  
  200  18:33  Spore Crawler x2  
  178  18:47  Infestor x5  
  185  18:51  Corruptor x3  
  185  18:52  Corruptor x3  
  185  18:54  Viper  
  200  19:04  Zerg Flyer Weapons Level 2, Zerg Flyer Armor Level 2  
  200  19:14  Overseer  
  200  19:22  Spine Crawler  
  199  19:37  Spore Crawler  
  198  19:39  Spine Crawler  
  198  19:40  Spine Crawler  
  196  19:57  Drone  
  196  19:58  Drone x2  
  196  19:59  Drone  
  200  20:11  Overseer  
  200  20:20  Spore Crawler, Spine Crawler x2  
  200  20:21  Spine Crawler  
  196  20:32  Drone x4  
  196  20:34  Extractor  
  196  20:35  Extractor  
  198  20:40  Spore Crawler  
  197  20:43  Spore Crawler  
  197  20:44  Brood Lord x2, Spore Crawler  
  197  20:47  Zerg Melee Weapons Level 3, Zerg Ground Armor Level 2  
  199  20:52  Spore Crawler  
  199  20:53  Spore Crawler  
  193  21:13  Infestor x3  
  199  21:19  Overseer x2  
  199  21:21  Zerg Flyer Armor Level 3, Zerg Flyer Weapons Level 3  
  199  21:23  Overlord x4  
  199  21:29  Spore Crawler  
  199  21:30  Spore Crawler, Spine Crawler  
  184  21:42  Spine Crawler  
  184  21:43  Spine Crawler  
  184  21:45  Hatchery  
  177  21:59  Infestor x2  
  177  22:00  Infestor x3  
  165  22:09  Corruptor x10  
  184  22:30  Infestor x4  
  184  22:31  Overseer, Infestor x3  
  184  22:34  Extractor  
  190  22:49  Brood Lord  
  190  22:50  Brood Lord x4  
  176  23:22  Spine Crawler  
  176  23:24  Spine Crawler  
  173  23:30  Drone x3  
  175  23:40  Hatchery  
  170  23:55  Brood Lord x2  
  172  23:57  Infestor x4  
  172  24:02  Spore Crawler  
  181  24:04  Drone x2  
  181  24:09  Spore Crawler, Overseer  
  182  24:10  Overseer  
  182  24:12  Overseer  
  182  24:35  Corruptor x3  
  188  24:42  Spine Crawler  
  137  25:08  Infestor  
  135  25:17  Drone x2  
  135  25:18  Drone x4  
  137  25:22  Extractor  
  132  25:28  Drone  
  132  25:29  Drone x5  
  138  25:36  Drone  
  138  25:37  Drone x2  
  138  25:38  Infestor x2  
  138  25:39  Hatchery  
Show
View Real Time Build Order
Export as new Build Order

avilo Terran - Winner!

Build Orders: Mech 

Get SALT Encoding   

  12  0:00  SCV  
  13  0:12  SCV  
  14  0:17  Supply Depot  
  14  0:24  SCV  
  15  0:38  SCV  
  15  0:40  Barracks  
  16  0:44  Refinery  
  16  0:50  SCV  
  17  1:02  SCV  
  18  1:15  SCV  
  19  1:27  Barracks Reactor, Orbital Command  
  19  1:38  Command Center  
  19  1:45  Supply Depot  
  19  1:53  SCV  
  20  2:03  Marine x2  
  20  2:05  SCV  
  23  2:09  Factory  
  23  2:13  Refinery  
  23  2:18  SCV  
  23  2:21  Marine x2  
  26  2:30  SCV  
  27  2:39  Marine x2  
  27  2:42  SCV  
  30  2:51  Orbital Command  
  30  2:54  SCV  
  30  2:55  Factory Reactor  
  30  2:56  Starport  
  30  2:57  Marine  
  32  2:58  Marine  
  33  3:06  SCV  
  34  3:15  Marine  
  34  3:16  Marine  
  34  3:17  SCV  
  34  3:18  SCV  
  38  3:29  SCV  
  38  3:30  SCV  
  38  3:32  Supply Depot  
  40  3:34  Marine  
  40  3:35  Marine  
  40  3:40  Medivac x2, Supply Depot  
  46  3:46  SCV  
  46  3:53  Marine x2  
  46  3:54  Widow Mine, SCV  
  46  3:55  Supply Depot  
  51  3:58  SCV  
  52  4:06  SCV  
  53  4:10  Liberator, SCV  
  54  4:20  SCV  
  54  4:22  Refinery, SCV  
  54  4:24  Refinery, Command Center  
  59  4:32  SCV  
  59  4:34  SCV  
  59  4:36  Liberator  
  61  4:43  Supply Depot  
  61  4:44  SCV, Hellion  
  61  4:45  Hellion  
  66  4:46  SCV  
  67  4:58  Liberator  
  67  4:59  Supply Depot  
  70  5:04  SCV x2  
  70  5:06  Supply Depot  
  72  5:10  Hellion x2  
  76  5:17  SCV  
  76  5:18  SCV  
  78  5:21  Barracks Tech Lab  
  78  5:22  Factory  
  78  5:23  Factory  
  78  5:29  SCV, Armory  
  78  5:32  Hellion  
  78  5:34  Hellion  
  83  5:36  Liberator  
  83  5:41  Liberator  
  83  5:46  SCV  
  84  5:51  SCV  
  84  5:53  Hellion  
  84  5:56  Hellion, Barracks Tech Lab  
  89  6:16  Hellion  
  89  6:19  SCV  
  89  6:20  Orbital Command  
  89  6:21  Terran Vehicle Weapons Level 1, Armory  
  89  6:22  SCV  
  85  6:27  Siege Tank  
  85  6:31  SCV  
  89  6:34  SCV  
  89  6:38  Refinery  
  90  6:42  Siege Tank, Hellion x2  
  90  6:43  SCV, Viking  
  90  6:45  Refinery  
  90  6:46  SCV  
  90  6:47  Orbital Command  
  101  6:51  Supply Depot, Engineering Bay  
  101  6:52  Supply Depot  
  101  6:55  SCV  
  101  6:58  SCV  
  101  7:01  Supply Depot x2  
  103  7:04  Siege Tank  
  103  7:05  Hellion  
  103  7:07  SCV  
  109  7:11  SCV  
  109  7:15  Siege Tank, Hellion  
  112  7:19  SCV  
  112  7:20  SCV  
  114  7:23  SCV  
  114  7:29  Liberator  
  115  7:31  Hellion, SCV, Viking  
  115  7:32  SCV  
  115  7:36  Hellion  
  121  7:37  SCV  
  117  7:46  Hellion  
  117  7:47  Siege Tank  
  117  7:50  Factory  
  115  7:53  SCV x2  
  115  7:57  Missile Turret, Command Center, Siege Tank  
  118  7:59  Factory  
  118  8:04  SCV  
  119  8:06  SCV x2  
  119  8:10  Hellion  
  119  8:11  Hellion  
  125  8:14  Supply Depot x2  
  125  8:16  SCV  
  125  8:18  SCV  
  125  8:19  SCV  
  128  8:22  Thor  
  128  8:24  Terran Vehicle And Ship Armor Level 1  
  128  8:25  Terran Vehicle Weapons Level 2  
  134  8:28  SCV  
  134  8:30  Supply Depot  
  135  8:41  Hellion, Factory Tech Lab  
  135  8:42  Infernal Pre-Igniter  
  135  8:43  Factory Reactor  
  135  8:46  Supply Depot  
  135  8:47  SCV x3  
  140  8:50  Siege Tank, Hellion, Viking  
  140  8:55  Refinery x2  
  147  9:01  Hellion  
  149  9:05  Siege Tank  
  152  9:14  Hellion x2, Viking  
  158  9:20  SCV x2  
  158  9:22  SCV  
  158  9:23  Thor  
  167  9:24  Siege Tank  
  167  9:25  Hellion  
  172  9:32  Sensor Tower, SCV x2  
  172  9:33  Missile Turret  
  172  9:34  SCV  
  172  9:38  Viking  
  174  9:39  Sensor Tower, Hellion  
  174  9:40  Command Center  
  174  9:44  SCV  
  177  9:46  Hellion x2  
  177  9:52  Hellion x2  
  183  9:55  Planetary Fortress  
  179  10:01  Siege Tank, Viking  
  184  10:08  Hellion x2  
  178  10:26  Thor x2  
  178  10:33  Fusion Core, Starport  
  178  10:35  Starport  
  178  10:38  Missile Turret, Command Center  
  178  10:40  Supply Depot  
  178  10:49  Siege Tank, Hellion x2, Viking  
  184  10:50  Viking  
  185  10:58  Smart Servos  
  185  10:59  Hellion x2  
  189  11:08  Barracks Tech Lab  
  188  11:14  Hellion x2  
  188  11:18  Starport Reactor, Starport Tech Lab  
  188  11:22  Siege Tank, Hellion x2  
  197  11:34  Viking x2  
  197  11:36  Hellion  
  197  11:37  Thor  
  197  11:38  Liberator x2  
  196  11:46  Siege Tank, Hellion x2  
  196  11:47  Viking  
  166  11:54  Siege Tank  
  166  11:59  Advanced Ballistics  
  156  12:02  Hellion x2  
  156  12:04  Viking  
  156  12:05  Liberator  
  156  12:06  Orbital Command  
  156  12:07  Liberator  
  156  12:08  Hellion x2  
  165  12:18  Siege Tank  
  165  12:21  Hellion  
  172  12:23  Hellion x2  
  172  12:28  Liberator  
  172  12:29  Hellion x2  
  180  12:39  Terran Vehicle Weapons Level 3  
  180  12:45  Hellion x2  
  180  12:49  Thor  
  187  12:56  Missile Turret  
  187  12:58  Hellion x2  
  187  13:01  Thor  
  189  13:08  Thor  
  189  13:11  Liberator  
  187  13:32  Thor  
  196  13:34  Missile Turret  
  196  13:35  Sensor Tower  
  196  13:36  Missile Turret  
  196  13:41  Missile Turret  
  196  13:43  Missile Turret  
  196  13:46  Planetary Fortress, Refinery  
  196  13:48  Refinery  
  196  13:50  Hellion x2  
  188  14:11  Thor x2  
  188  14:13  Hellion  
  188  14:31  Barracks  
  188  14:32  Ghost Academy  
  188  14:33  Barracks  
  188  14:36  Ghost Academy x2  
  188  14:45  Liberator x2  
  188  14:47  Liberator x2  
  188  14:48  Missile Turret  
  188  14:49  Missile Turret x2, Command Center x2  
  188  14:51  Missile Turret  
  200  15:19  Barracks Tech Lab  
  200  15:20  Enhanced Shockwaves, Personal Cloaking, Barracks Tech Lab  
  197  15:23  Nuke  
  197  15:25  Terran Ship Weapons Level 1, Terran Vehicle And Ship Armor Level 2  
  197  15:30  Liberator  
  200  15:50  Missile Turret  
  200  15:53  Missile Turret  
  200  16:00  Missile Turret  
  200  16:03  Command Center  
  200  16:04  Orbital Command  
  199  16:11  Refinery  
  199  16:24  Refinery  
  198  16:39  Nuke, Unknown x3  
  198  16:46  Nuke  
  194  17:11  Unknown  
  194  17:16  Orbital Command  
  200  17:52  Unknown x3  
  198  18:12  Missile Turret  
  200  18:13  Missile Turret, Planetary Fortress  
  200  18:15  Missile Turret x2  
  200  18:28  Command Center  
  200  18:29  Command Center  
  200  18:32  Command Center  
  200  18:36  Unknown  
  186  18:51  Thor x2  
  196  19:04  Missile Turret, Banshee  
  196  19:05  Missile Turret x2  
  196  19:10  Nuke  
  196  19:13  Starport x2  
  196  19:14  Cloaking Field  
  196  19:16  Unknown x3  
  198  19:43  Nuke  
  198  19:45  Unknown  
  196  20:02  Missile Turret  
  196  20:07  Orbital Command  
  196  20:08  Orbital Command  
  196  20:10  Orbital Command  
  196  20:18  Refinery  
  196  20:19  Refinery  
  193  20:33  Hyperflight Rotors  
  193  20:41  Liberator  
  186  21:26  Unknown x3  
  192  21:35  Liberator x3  
  199  21:55  Unknown x3  
  183  22:16  Thor x2  
  183  22:19  Cyclone  
  192  22:34  Command Center  
  192  22:36  Command Center  
  186  22:40  Command Center  
  186  22:44  Command Center  
  186  22:45  Command Center  
  186  22:51  Liberator  
  184  23:09  Thor x2  
  184  23:10  Hellion  
  184  23:11  Terran Ship Weapons Level 2  
  184  23:12  Terran Vehicle And Ship Armor Level 3  
  190  23:51  Thor  
  190  23:52  Thor x2  
  184  24:03  Starport Tech Lab  
  184  24:04  Starport Tech Lab  
  184  24:13  Command Center  
  184  24:14  Command Center  
  184  24:15  Missile Turret x2  
  184  24:16  Missile Turret  
  184  24:29  Banshee x3  
  193  24:34  Thor  
Tags
 
Composition
Mech
Matchup
TvZ
Spawn Locations
Cross Positions
Add a new tag
Caveats
  • Supply blocks, unpowered buildings, or Contaminate may cause inaccurate times.
  • Supply counts are checked every 10 seconds.